 Dungeon Crawl Stone Soup version 0.30-a0-393-g54b8e3be05 (webtiles) character file.

Game seed: 15155083940064429312

47 zishaf the Gusty (level 3, -1/20 HPs)
             Began as a Tengu Air Elementalist on Dec 5, 2022.
             Constricted to death by Jessica (3 damage)
             ... on level 2 of the Dungeon.
             The game lasted 00:02:27 (1570 turns).

zishaf the Gusty (Tengu Air Elementalist)           Turns: 1570, Time: 00:02:28

Health: -1/20      AC:  2    Str:  8    XL:     3   Next: 70%
Magic:  13/16      EV:  9    Int: 17    God:
Gold:   121        SH:  0    Dex: 14    Spells: 3/6 levels left

rFire   . . .      SeeInvis .    n - +0 dagger
rCold   . . .      Faith    .    (no shield)
rNeg    . . .      Spirit   .    a - +0 robe
rPois   .          Reflect  .    (helmet restricted)
rElec   .          Harm     .    (no cloak)
rCorr   .          Rampage  .    (no gloves)
Will    .....                    (boots unavailable)
Stlth   ++........               (no amulet)
HPRegen 0.23/turn                m - ring of magical power
MPRegen 0.15/turn                (no ring)

@: grasped by roots, constricted
A: beak, talons 3
a: no special abilities


You were on level 2 of the Dungeon.
You visited 1 branch of the dungeon, and saw 2 of its levels.

You collected 121 gold pieces.

Inventory:

Hand Weapons
 n - a +0 dagger (weapon)
Armour
 a - a +0 robe (worn)
Jewellery
 m - a ring of magical power (left hand)
Scrolls
 d - 2 scrolls of identify {unknown}
 g - 3 scrolls of fear {unknown}
 i - a scroll of poison {unknown}
 k - 3 scrolls of torment {unknown}
 o - 3 scrolls of enchant armour {unknown}
 p - a scroll of summoning {unknown}
 r - a scroll of butterflies {unknown}
 t - a scroll of teleportation {unknown}
Potions
 b - a potion of magic
 c - a potion of mutation {unknown}
 e - a potion of haste {unknown}
 f - a potion of ambrosia {unknown}
 h - a potion of cancellation {unknown}
 j - a potion of resistance
 l - a potion of flight {unknown}
 q - a potion of might {unknown}
 s - a potion of heal wounds {unknown}


   Skills:
 + Level 1.4 Fighting
 - Level 2.1 Dodging
 - Level 2.0 Stealth
 - Level 2.0 Spellcasting
 + Level 2.4 Conjurations
 * Level 5.1 Air Magic


You had 3 spell levels left.
You knew the following spells:

 Your Spells              Type           Power      Damage    Failure   Level
a - Shock                 Conj/Air       56%        1d6       4%          1
A - Static Discharge      Conj/Air       28%        2-4/arc   6%          2

Your spell library contained the following spells:

 Spells                   Type           Power      Damage    Failure   Level
 Magic Dart               Conj           40%        1d5       7%          1
 Swiftness                Air            19%        N/A       7%          3
 Searing Ray              Conj           20%        2d5       11%         2
 Airstrike                Air            9%         2d(2-18)  22%         4
 Fulminant Prism          Conj/Hex       2%         3d5       75%         4
 Chain Lightning          Conj/Air       7%         3d9       100%        9
 Fire Storm               Conj/Fire      2%         8d1       100%        9
 Shatter                  Erth           0%         3d5*      100%        9


Dungeon Overview and Level Annotations

Branches:
Dungeon (2/15)

Altars:
Elyvilon

Annotations:
D:2 Jessica


Innate Abilities, Weirdness & Mutations

You have a beak for a mouth.
You have claws for feet.


Message History

Aim: Jessica, wielding a +0 club, wearing a +0 robe and carrying a wand of roots (9) (71% to hit)
The zap misses Jessica.
Jessica drinks a potion.
Jessica suddenly seems more resistant.
Casting: Shock (safe; 4% risk of failure)
Confirm with . or Enter, or press ? or * to list all spells.
Aiming: Shock (safe; 4% risk of failure)
Press: ? - help, Shift-Dir - straight line, f/p - Jessica
Aim: Jessica, wielding a +0 club, wearing a +0 robe and carrying a wand of roots (9) (unusually resistant, 71% to hit)
You miscast Shock.
You are very lightly contaminated with residual magic.
Nothing appears to happen.
Jessica zaps a wand.
The roots erupt in riotous growth!
The grasping roots grab you!
Jessica is unaffected.
The grasping roots constrict you.
Unknown command.
Casting: Shock (safe; 4% risk of failure)
Confirm with . or Enter, or press ? or * to list all spells.
Jessica is struck by an arc of lightning.
Jessica resists.
Jessica is lightly wounded.
You are struck by an arc of lightning.
The lightning grounds out.
Jessica hits you with a +0 club. The grasping roots constrict you.
You closely miss Jessica.
Jessica is lightly wounded.
Jessica hits you with a +0 club. The grasping roots constrict you.
* * * LOW HITPOINT WARNING * * *
The grasping roots release their grip on you.
You aren't carrying any items that you can evoke.
Okay, then.
Jessica zaps a wand.
The roots erupt in riotous growth!
The grasping roots grab you! The grasping roots constrict you.
* * * LOW HITPOINT WARNING * * *
You escape the roots grasp.
Your magical contamination has completely faded away.
There is a stone staircase leading up here.
Jessica zaps a wand.
The roots erupt in riotous growth!
The grasping roots grab you! The grasping roots constrict you.
You die...

#.# #(##.# #.# #....#
####### #.# ###..###
#.....# #.# #....##
##.###.# #.######..#(.#
..># #.# #........###.#
######.############..#..#
#####..................##
.......####.....@.@.#.##
#####..# #...#######.#
##.# ##...## #.#
#.###.....######.#
#.#............#.#
#.#.#.....####.#.#
#.#.##...## #.#.#
######.#.###.### #.#.#
...............# #.#.#


You could see Jessica (resistant).

Vanquished Creatures
  A dart slug (D:2)
  6 ball pythons
  5 bats
  4 endoplasms
  2 giant cockroaches (D:1)
  3 goblins
  3 hobgoblins
  4 jackals (D:1)
  2 quokkas (D:2)
  3 frilled lizards
  2 kobolds
  4 rats
39 creatures vanquished.

Notes
Turn   | Place    | Note
-------+----------+-------------------------------------------
     0 | D:1      | zishaf the Tengu Air Elementalist began the quest for the
                  | Orb.
     0 | D:1      | Reached XP level 1. HP: 10/10 MP: 4/4
   197 | D:1      | Reached XP level 2. HP: 6/16 MP: 1/6
   398 | D:1      | Learned a level 2 spell: Static Discharge
   483 | D:1      | Reached skill level 1 in Fighting
   611 | D:1      | Reached XP level 3. HP: 20/20 MP: 5/7
  1024 | D:2      | Reached skill level 5 in Air Magic
  1069 | D:2      | Found a faded altar of an unknown god.
  1287 | D:2      | Found a white marble altar of Elyvilon.
  1557 | D:2      | Noticed Jessica
  1567 | D:2      | HP: 1/20 [constriction (3)]
  1570 | D:2      | Constricted to death by Jessica

Illustrated notes

Levels and vault maps discovered:
D:1:      saegor_arrival_miasma, layout_rooms
D:2:      layout_loops_ring, hellmonk_ecumenical_altar_run_dry, basic_altar,
          minmay_pentomino_u4, uniq_jessica

Skill      XL: |  1  2  3 |
---------------+----------+-----
Conjurations   | 2 |  2.4
Fighting       | 1 |  1.4
Air Magic      | 5 |  5.1
Dodging        | |  2.1
Stealth        | |  2.0
Spellcasting   | |  2.0

Action                   || total
-------------------------++-------
Melee: Unarmed           ||    22
       Peck              ||     6
       Kick              ||     3
       Dagger            ||     7
 Cast: Shock             ||    66
       Static Discharge  ||     1
Armor: Robe              ||     6
Dodge: Dodged            ||    29

Table legend: (Time is in decaauts)
 A = Elapsed time spent in this place.
 B = Non-inter-level travel time spent in this place.
 C = Inter-level travel time spent in this place.
 D = Time resting spent in this place.
 E = Time spent auto-exploring this place.
 F = Levels seen in this place.
 G = Mean time per level.
                   A        B        C        D        E       F      G
               +--------+--------+--------+--------+--------+-----+--------+
         Total |   1568 |   1517 |     51 |      0 |   1289 |   2 |  784.0 |
       Dungeon |   1568 |   1517 |     51 |      0 |   1289 |   2 |  784.0 |
               +--------+--------+--------+--------+--------+-----+--------+

Top non-repeatable levels by time:
     D:2: 815 daAuts
     D:1: 753 daAuts
